 Dungeon Crawl Stone Soup version 0.30-a0-913-g9934a0c (webtiles) character file.

Game seed: 12437008998026337425

15 Dorkslayer the Covered (level 2, -3/19 HPs)
             Began as a Gargoyle Fighter on Mar 19, 2023.
             Slain by a kobold
             ... wielding a +2 dagger of distortion
              (22 damage)
             ... on level 1 of the Dungeon.
             The game lasted 00:01:07 (511 turns).

Dorkslayer the Covered (Gargoyle Fighter)            Turns: 511, Time: 00:01:07

Health: -3/19      AC:  9    Str: 19    XL:     2   Next: 50%
Magic:  2/2        EV:  9    Int:  8    God:
Gold:   33         SH:  4    Dex:  9    Spells: 1/1 levels left

rFire   . . .      SeeInvis .    a - +0 war axe
rCold   . . .      Faith    .    c - +0 buckler
rNeg    + . .      Spirit   .    b - +0 scale mail
rPois   ∞          Reflect  .    (no helmet)
rElec   +          Rampage  .    (no cloak)
rCorr   .                        (no gloves)
Will    .....                    (no boots) Stlth
                                 (no amulet)
HPRegen 0.23/turn                (no ring)
MPRegen 0.08/turn                (no ring)

@: no status effects
A: sickness immunity, AC +2, negative energy resistance 1, electricity
resistance, torment resistance 1, petrification resistance
a: no special abilities


You were on level 1 of the Dungeon.
You visited 1 branch of the dungeon, and saw 1 of its levels.

You collected 33 gold pieces.

Inventory:

Hand Weapons
 a - a +0 war axe (weapon)
Armour
 b - a +0 scale mail (worn)
 c - a +0 buckler (worn)
Scrolls
 g - a scroll of identify {unknown}
 j - a scroll of blinking {unknown}
Potions
 d - a potion of might
 e - a potion of heal wounds {unknown}
 f - 2 potions of curing {unknown}
 h - a potion of brilliance {unknown}
 i - a potion of attraction {unknown}


   Skills:
 + Level 3.4 Fighting
 + Level 1.9 Axes
 + Level 3.4 Armour
 * Level 0.8 Dodging
 + Level 3.4 Shields


You had one spell level left.
You didn't know any spells.
Your spell library was empty.

Dungeon Overview and Level Annotations

Branches:
Dungeon (1/15)

Altars:


Innate Abilities, Weirdness & Mutations

You are immune to sickness and miasma.
Your stone body is resilient. (AC +2)
You are immune to poison.
You resist negative energy. (rN+)
You are resistant to electric shocks. (rElec)
You are resistant to unholy torment.
You are immune to petrification.


Message History

The ball python attacks as you move away!
The ball python closely misses you. The ball python barely misses you.
You hit the giant cockroach but do no damage.
You closely miss the ball python. You block the giant cockroach's attack.
The ball python bites you but does no damage.
The ball python grabs you. The ball python constricts you.
You block the giant cockroach's attack.
You completely miss the giant cockroach.
You closely miss the ball python. The ball python barely misses you.
The ball python constricts you. The giant cockroach barely misses you.
The ball python bites you but does no damage.
The ball python constricts you.
The giant cockroach bites you but does no damage.
You hit the giant cockroach.
The giant cockroach is moderately wounded.
You hit the ball python.
You kill the ball python!
The giant cockroach barely misses you.
The giant cockroach bites you but does no damage.
You barely miss the giant cockroach.
The giant cockroach completely misses you.
The giant cockroach bites you but does no damage.
You hit the giant cockroach.
The giant cockroach is almost dead.
The giant cockroach bites you but does no damage.
You barely miss the giant cockroach.
The giant cockroach is almost dead.
The giant cockroach bites you but does no damage. x2
You slash the giant cockroach!
You kill the giant cockroach!
You open the door.
Found a glowing short sword.
There is an open door here.
You see here a +4 short sword.
A kobold comes into view.
It is wielding a +2 dagger of distortion.
The kobold shouts!
Found a whip.
The kobold hits you but does no damage. Space warps horribly around you!!
Ouch! That really hurt!
You die...

### ### #.# #.. .)#
#.# #.#
#.######.#####
#######.#.....@K...#
#..............##.##
#.#####.#.######
#.#####.#.#
###.).....#.#
..#..######.# †.#..#
#.# ..'..# #..
..##.# .#


You could see a kobold.

Vanquished Creatures
  2 ball pythons (D:1)
  3 bats (D:1)
  An endoplasm (D:1)
  3 giant cockroaches (D:1)
  A quokka (D:1)
  3 frilled lizards (D:1)
  2 rats (D:1)
15 creatures vanquished.

Notes
Turn   | Place    | Note
-------+----------+-------------------------------------------
     0 | D:1      | Dorkslayer the Gargoyle Fighter began the quest for the
                  | Orb.
     0 | D:1      | Reached XP level 1. HP: 14/14 MP: 1/1
   211 | D:1      | Reached XP level 2. HP: 19/19 MP: 2/2
   308 | D:1      | Found a faded altar of an unknown god.
   511 | D:1      | Slain by a kobold

Illustrated notes

Levels and vault maps discovered:
D:1:      ncdulo_lavacross, layout_basic, ebering_ecumenical_altar_hall,
          minivault_19

Action                     || total
---------------------------++-------
  Melee: War axe           ||    47
 Armour: Scale mail        ||    35
  Dodge: Dodged            ||    41
  Block: Buckler           ||    11

Table legend: (Time is in decaauts)
 A = Elapsed time spent in this place.
 B = Non-inter-level travel time spent in this place.
 C = Inter-level travel time spent in this place.
 D = Time resting spent in this place.
 E = Time spent auto-exploring this place.
 F = Levels seen in this place.
 G = Mean time per level.
                   A        B        C        D        E       F      G
               +--------+--------+--------+--------+--------+-----+--------+
         Total |    532 |    532 |      0 |      0 |    248 |   1 |  532.0 |
       Dungeon |    532 |    532 |      0 |      0 |    248 |   1 |  532.0 |
               +--------+--------+--------+--------+--------+-----+--------+

Top non-repeatable levels by time:
     D:1: 532 daAuts
